cohdb
Replays
Latest Replays
All Replays
Popular Replays
Top Player Replays
Match Explorer
How It Works
Community
CoH3 Stats
Reddit
Sign in to upload your games and track your stats! →
Sign in with Steam
250s are quite fun
Match 29531740
Overview
Messages
Build Orders
End
Kradschützen Motorcycle Team
Panzergrenadier Squad
250 Light Carrier
Construct Light Support Kompanie
Combat Half-tracks
MG34 Team
Panzerpioneer Squad
Fire Support Elements
Panzerjäger Mechanized Group
Selects Armored Support Battlegroup
Selects Salvage Kits
Flakvierling Half-track
Assault Grenadier Squad
2.5-tonne Medical Truck
Construct Panzerarmee Kommand
Pak 38 Mechanized Group
Emergency Repair Kits
Selects Panzer Storm
Panzer III L Medium Tank
Armored Reserves
Elite_1650
Window Shopping
0
0
Comments
sign in to comment!
No comments posted yet!